 Dungeon Crawl Stone Soup version 0.23.0-42-geed6394 (webtiles) character file.

Game seed: 14085116494673887875

326 Monsterracer the Sneak (level 6, -6/41 HPs)
             Began as a Vampire Venom Mage on Feb 28, 2019.
             Was a Follower of Cheibriados.
             Killed from afar by a starcursed mass (8 damage)
             ... with an accursed screaming
             ... created by the touch of Lugonu
             ... on level 4 of the Dungeon.
             The game lasted 00:09:41 (3989 turns).

Monsterracer the Sneak (Vampire Venom Mage)         Turns: 3989, Time: 00:09:41

Health: -6/41      AC:  4    Str: 10    XL:     6   Next: 24%
Magic:  10/10      EV: 14    Int: 23    God:    Cheibriados [*.....]
Gold:   139        SH:  0    Dex: 17    Spells: 1/11 levels left

rFire    . . .     SeeInvis +   a - +0 dagger (pain)
rCold    + . .     Gourm    .   (no shield)
rNeg     . . .     Faith    .   e - +0 leather armour
rPois    .         Spirit   .   (no helmet)
rElec    .         Reflect  .   (no cloak)
rCorr    .         Harm     .   (no gloves)
MR       .....                  d - +0 pair of boots
Stlth    +++.......             (no amulet)
HPRegen  0.33/turn              C - ring of protection from cold
MPRegen  0.12/turn              l - +2 ring of evasion

@: regenerating quickly, very slow
A: fangs 3, see invisible, unbreathing
a: Bend Time, Renounce Religion


You were on level 4 of the Dungeon.
You worshipped Cheibriados.
Cheibriados was aware of your devotion.
You were full.

You visited 1 branch of the dungeon, and saw 4 of its levels.

You collected 139 gold pieces.


Innate Abilities, Weirdness & Mutations

Your natural rate of healing is unusually fast.
You have razor-sharp teeth.
You have supernaturally acute eyesight. (SInv)
You can survive without breathing.


   Skills:
 + Level 0.1 Fighting
 - Level 2.1 Dodging
 + Level 5.3 Stealth
 + Level 3.1 Spellcasting
 - Level 0.9 Conjurations
 + Level 2.3 Air Magic
 * Level 4.5 Poison Magic


You had one spell level left.
You knew the following spells:

 Your Spells              Type           Power        Failure   Level  Hunger
a - Poisonous Vapours     Pois/Air       ###...       6%          2    ##.....
c - Mephitic Cloud        Conj/Pois/Air  ###.....     16%         3    ###....
d - Olgreb's Toxic Radia  Pois           ###.....     24%         4    ####...
j - Sting                 Conj/Pois      ###.         4%          1    None

Your spell library contained the following spells:

 Spells                   Type           Power        Failure   Level  Hunger
 Venom Bolt               Conj/Pois      ###.......   80%         5    ######.

Inventory:

Hand Weapons
 a - a +0 dagger of pain (weapon)
   (You took it off a kobold on level 2 of the Dungeon)
Missiles
 i - a throwing net (quivered) {!f}
Armour
 d - a +0 pair of boots (worn)
   (You found it on level 3 of the Dungeon)
 e - a +0 leather armour (worn)
   (You took it off Sigmund on level 2 of the Dungeon)
Jewellery
 l - a +2 ring of evasion (right hand)
   (You found it on level 3 of the Dungeon)
 C - a ring of protection from cold (left hand)
   (You found it on level 2 of the Dungeon)
Wands
 m - a wand of flame (8)
   (You took it off Jessica on level 2 of the Dungeon)
Scrolls
 r - a scroll of remove curse
Potions
 b - a potion of might {unknown}
 c - a potion of flight
 o - a potion of brilliance {unknown}
 q - a potion of blood

Dungeon Overview and Level Annotations

Branches:
Dungeon (4/15)
 Temple: D:4-7

Altars:
Cheibriados
Dithmenos
Xom
Yredelemnul
Lugonu

........#.............
.....#................
...........#....#.#.#
#......#....$...... #
..#..#<.##.#......# #.#
..........oX......# ..
.##..#..##.#......#.#
...........X..o.....#
.#...#?...Zo..o.@<#.#
...............#..#
##..................#
#...#.##..............
#...#.#................
...........######
......#.#..#
#....#.#..#


You could see 2 starcursed masses, 4 orcs and a ball python skeleton.


Message History

You start resting.
You feel sick. x3
You are no longer poisoned.
You regained 2 hp, and now have 37/41 hp.
You regained 2 mp, and now have 7/10 mp.
You start resting.
HP restored.
Health restored: 41
There is a stone staircase leading down, spattered with blood here.
Magic restored.
There is a stone staircase leading down here.
MP restored: 10 You climb downwards.
A chorus of shrieks assaults your mind.
There is a stone staircase leading up here.
You take 5 damage, and have 36/41 hp.
A chorus of shrieks assaults your mind.
You take 8 damage, and have 28/41 hp.
A starcursed mass splits.
A starcursed mass splits. x2
A deafening chorus of shrieks assaults your mind!
* * * LOW HITPOINT WARNING * * *
You suddenly lose the ability to move!
You can move again.
You take 9 damage, and have 19/41 hp.
MASSIVE DAMAGE!!
You climb upwards.
There is a stone staircase leading down here.
You start resting.
HP restored.
Health restored: 41
There is a stone staircase leading down here.
You climb downwards.
There is a stone staircase leading up here.
The starcursed mass shrieks in your mind.
You take 8 damage, and have 33/41 hp.
The starcursed mass shrieks in your mind.
You take 6 damage, and have 27/41 hp.
There is a stone staircase leading up here.
The starcursed mass shrieks in your mind.
* * * LOW HITPOINT WARNING * * *
You take 7 damage, and have 20/41 hp.
The starcursed mass shrieks in your mind.
* * * LOW HITPOINT WARNING * * *
You take 7 damage, and have 13/41 hp.
The starcursed mass shrieks in your mind.
* * * LOW HITPOINT WARNING * * *
You climb upwards.
There is a stone staircase leading down here.
You take 4 damage, and have 9/41 hp.
You start resting.
HP restored.
Health restored: 41
There is a stone staircase leading down here.
There is a stone staircase leading down, spattered with blood here.
You climb downwards.
There is a stone staircase leading up here.
The starcursed mass shrieks in your mind.
You take 8 damage, and have 33/41 hp.
There is a stone staircase leading down here.
The starcursed mass closely misses you.
You climb downwards. 3 orcs and a skeleton come into view.
The orc shouts!
Found a scroll labeled PIYJYM ZOIDITA.
There is a stone staircase leading up here.
Okay, then.
The orc shouts!
You hit the starcursed mass.
The starcursed mass is lightly damaged.
A starcursed mass splits.
An orc comes into view. It is wielding a -3 club.
The orc shouts!
You hit the starcursed mass but do no damage.
The starcursed mass is lightly damaged.
The starcursed mass engulfs you but does no damage. x2
You hit the starcursed mass but do no damage.
The starcursed mass barely misses you.
You hit the starcursed mass but do no damage.
The starcursed mass engulfs you but does no damage.
Okay, then.
The ball python skeleton closely misses you. x2
The starcursed mass engulfs you!
You take 11 damage, and have 25/41 hp.
MASSIVE DAMAGE!!
A chorus of shrieks assaults your mind.
* * * LOW HITPOINT WARNING * * *
The starcursed mass barely misses you.
Found 6 gold pieces.
You take 6 damage, and have 19/41 hp.
Found a stone staircase leading up.
A chorus of shrieks assaults your mind.
* * * LOW HITPOINT WARNING * * *
You take 5 damage, and have 14/41 hp.
A chorus of shrieks assaults your mind.
* * * LOW HITPOINT WARNING * * *
You take 8 damage, and have 6/41 hp.
A chorus of shrieks assaults your mind.
* * * LOW HITPOINT WARNING * * *
The orc barely misses you.
You take 6 damage, and have 1/41 hp.
A chorus of shrieks assaults your mind.
You die...

Skill      XL: |  1  2  3  4 |
---------------+-------------+-----
Poison Magic   | 3 4 |  4.5
Stealth        | 4 5 |  5.3
Air Magic      | 1 2 |  2.3
Spellcasting   | 3 |  3.1
Fighting       | |  0.1
Dodging        | |  2.1
Conjurations   | |  0.9

Action                   |  1- 3 |  4- 6 || total
-------------------------+-------+-------++-------
Melee: Unarmed           |     5 |       ||     5
       Dagger            |    36 |    67 ||   103
       Bite              |     5 |     3 ||     8
       Short sword       |     2 |       ||     2
 Cast: Sting             |    32 |    21 ||    53
       Poisonous Vapours |    19 |    19 ||    38
       Mephitic Cloud    |     2 |     4 ||     6
Evoke: Wand              |       |     4 ||     4
  Use: Potion            |    14 |     9 ||    23
       Scroll            |       |     5 ||     5
 Stab: Confused          |     2 |     3 ||     5
Armor: Robe              |    13 |    12 ||    25
       Leather armour    |       |    14 ||    14
Dodge: Dodged            |    37 |    80 ||   117

Levels and vault maps discovered:
D:1:      minmay_arrival_arboretum_small, layout_basic
D:2:      layout_loops_ring, chequers_temple_overflow_minitemple, first_ration,
          serial_bayou_pond_d, feat_on_display, uniq_jessica, uniq_sigmund
D:3:      layout_rooms
D:4:      layout_basic, gammafunk_temple_overflow_elements,
          minmay_misc_feat_secret_circle

Notes
Turn   | Place    | Note
-------+----------+-------------------------------------------
     0 | D:1      | Monsterracer the Vampire Venom Mage began the quest for the
                  | Orb.
     0 | D:1      | Reached XP level 1. HP: 13/13 MP: 3/3
   246 | D:1      | Reached XP level 2. HP: 15/19 MP: 0/5
   457 | D:1      | Learned a level 2 spell: Poisonous Vapours
  1562 | D:2      | Reached XP level 3. HP: 22/24 MP: 1/6
  1567 | D:2      | Learned a level 3 spell: Mephitic Cloud
  1635 | D:2      | Noticed Sigmund
  1645 | D:2      | HP: 7/24 [Sigmund/+0 scythe (9)]
  1828 | D:2      | HP: 12/24 [poisoned by an adder]
  1829 | D:2      | Reached skill level 4 in Stealth
  1833 | D:2      | HP: 12/24 [bat (1)]
  2038 | D:2      | Reached skill level 1 in Air Magic
  2040 | D:2      | Noticed Jessica
  2052 | D:2      | HP: 3/24 [Jessica/nerve-wracking pain (11)]
  2053 | D:2      | Killed Jessica
  2053 | D:2      | Reached XP level 4. HP: 4/30 MP: 0/7
  2743 | D:2      | Found a faded altar of an unknown god.
  2743 | D:2      | Found a shadowy altar of Dithmenos.
  2749 | D:2      | Found a faded altar of an unknown god.
  2751 | D:2      | Found a shimmering altar of Xom.
  2752 | D:2      | Found a basalt altar of Yredelemnul.
  2766 | D:2      | Became a worshipper of Lugonu the Unformed
  2766 | D:2      | Reached * piety under Lugonu
  2766 | D:2      | Reached ** piety under Lugonu
  2808 | D:2      | HP: 13/30 [Sigmund/magic dart (5)]
  2922 | D:2      | Killed Sigmund
  2922 | D:2      | Reached skill level 5 in Stealth
  2922 | D:2      | Reached XP level 5. HP: 19/35 MP: 0/9
  2922 | D:2      | Reached XP level 6. HP: 22/41 MP: 0/10
  3173 | D:2      | Fell from the grace of Lugonu
  3173 | D:2      | Became a worshipper of Cheibriados the Contemplative
  3173 | D:2      | Reached * piety under Cheibriados
  3216 | D:2      | Learned a level 4 spell: Olgreb's Toxic Radiance
  3228 | D:3      | Noticed a starcursed mass
  3336 | D:3      | HP: 20/41 [starcursed mass/accursed screaming[the touch of
                  | Lugonu] (9)]
  3728 | D:3      | HP: 19/41 [starcursed mass/accursed screaming[the touch of
                  | Lugonu] (10)]
  3728 | D:3      | Paralysed by accursed screaming for 1 turns
  3818 | D:3      | HP: 20/41 [starcursed mass/accursed screaming[the touch of
                  | Lugonu] (8)]
  3820 | D:3      | HP: 8/41 [starcursed mass/accursed screaming[the touch of
                  | Lugonu] (5)]
  3982 | D:4      | HP: 19/41 [starcursed mass/accursed screaming[the touch of
                  | Lugonu] (7)]
  3985 | D:4      | HP: 6/41 [starcursed mass/accursed screaming[the touch of
                  | Lugonu] (8)]
  3987 | D:4      | HP: 1/41 [starcursed mass/accursed screaming[the touch of
                  | Lugonu] (6)]
  3989 | D:4      | Killed from afar by a starcursed mass

Vanquished Creatures
  Sigmund (D:2)
  Jessica (D:2)
  6 adders (D:2 D:3)
  4 worms (D:2)
  A dart slug (D:2)
  2 leopard geckos (D:1 D:2)
  4 orcs (D:2)
  4 bats (D:1 D:2 D:3)
  2 giant cockroaches (D:1 D:2)
  7 hobgoblins (D:1 D:2 D:3)
  7 jackals (D:1 D:2)
  A quokka (D:2)
  A ball python (D:2)
  6 frilled lizards (D:1 D:2)
  4 goblins (D:1 D:2 D:3)
  5 kobolds (D:1 D:2)
  6 rats (D:1 D:2)
62 creatures vanquished.

Table legend:
 A = Turns spent in this place as a percentage of turns spent in the entire game.
 B = Non-inter-level travel turns spent in this place as a percentage of non-inter-level travel turns spent in the entire game.
 C = Inter-level travel turns spent in this place as a percentage of turns spent in this place.
 D = Turns resting spent in this place as a percentage of non-inter-level travel turns spent in this place.
 E = Turns spent auto-exploring this place as a percentage of non-inter-level travel turns spent in this place.
 F = Non-inter-level travel turns spent in this place divided by the number of levels of this place that you've seen.
                   A       B       C       D       E      F
               +-------+-------+-------+-------+-------+----------------------
         Total | 100.0 | 100.0 |  10.4 |  18.4 |  57.0 | 893.8
       Dungeon | 100.0 | 100.0 |  10.4 |  18.4 |  57.0 | 893.8
               +-------+-------+-------+-------+-------+----------------------

Table legend:
 A = Non-vault XP
 B = Vault XP
 C = Vault XP percentage of total XP
 D = Non-vault monster count
 E = Vault monster count
 F = Vault count percentage of total count
                 A         B        C        D         E       F
            +---------+---------+-------+---------+---------+-------
      Total |     188 |     279 |  59.7 |      60 |       2 |   3.2
            +---------+---------+-------+---------+---------+-------
        D:1 |      28 |       0 |   0.0 |      18 |       0 |   0.0
        D:2 |     141 |     279 |  66.4 |      38 |       2 |   5.0
        D:3 |      19 |       0 |   0.0 |       4 |       0 |   0.0
            +---------+---------+-------+---------+---------+-------
